 Dungeon Crawl Stone Soup version 0.17-a0-1899-ge84b1df (webtiles) character file.

5308 Herrn the Cleaver (level 10, 92/204 HPs)
             Began as a Naga Fighter on Sept 24, 2015.
             Was a Priest of Okawaru.
             Quit the game on level 1 of the Abyss.
             The game lasted 00:26:12 (9933 turns).

Herrn the Cleaver (Naga Fighter)                    Turns: 9933, Time: 00:26:13

Health: 92/204     AC: 25    Str: 29      XL:     10   Next: 64%
Magic:  12/13      EV:  1    Int: 10      God:    Okawaru [***...]
Gold:   703        SH: 12    Dex:  8 (10) Spells: 0 memorised, 9 levels left

rFire  . . .     SeeInvis +     a - +0 war axe
rCold  + . .     Clarity  .     (armour currently unavailable)
rNeg   + + +     SustAt   .     c - +0 shield
rPois  +         Gourm    .     (helmet currently unavailable)
rElec  .         Spirit   .     (cloak currently unavailable)
rCorr  .         Warding  .     (gloves currently unavailable)
rMut   .         NoTele   +     (no barding)
MR     +....                    R - amulet of regeneration
Stlth  ..........               F - +3 ring of strength
                                k - ring of protection from cold

@: berserking, tree-form, heroism, very quick, somewhat resistant to hostile
enchantments, extremely unstealthy
A: see invisible, (deformed body), (poison resistance), (slowness 0), slow
metabolism 1, spit poison 2, AC +3
a: Spit Poison, Heroism, Renounce Religion


You were on level 1 of the Abyss.
You worshipped Okawaru.
Okawaru was most pleased with you.
You were not hungry.
You were a tree.
You visited 2 branches of the dungeon, and saw 11 of its levels.
You visited the Abyss 1 time.

You collected 731 gold pieces.
You spent 28 gold pieces at shops.

Inventory:

Hand weapons
 a - a +0 war axe (weapon)
 K - a cursed -3 flail
Armour
 b - a +0 scale mail
 c - a +0 shield (worn)
 h - a +0 chain mail
 s - a +1 chain mail of cold resistance
 L - the cursed +0 ring mail of Disaster (melded) {Regen+ Dex+6}
   (You found it on level 8 of the Dungeon)

   It affects your dexterity (+6).
   It increases your rate of regeneration.
   It has a curse placed upon it.
 N - a +2 hat (melded)
Jewellery
 f - an uncursed ring of teleportation
 k - a ring of protection from cold (left branch)
 t - an uncursed amulet of resist mutation
 F - a +3 ring of strength (right branch)
 R - an amulet of regeneration (around neck)
Magical devices
 I - a wand of random effects (26)
 O - a wand of polymorph (10)
Scrolls
 e - 2 scrolls of noise
 g - 3 scrolls of amnesia
 m - 3 scrolls of teleportation
 o - 3 scrolls of immolation
 p - 5 scrolls of remove curse
 u - 3 scrolls of recharging
 x - a scroll of magic mapping
 y - a scroll of random uselessness
 z - 2 scrolls of enchant armour
 H - a scroll of blinking {unknown}
 P - a scroll of summoning {unknown}
Potions
 i - 2 potions of lignification
 l - 2 potions of curing
 q - a potion of ambrosia
 v - 2 potions of poison
 A - a potion of degeneration
 B - 5 potions of brilliance
 D - a potion of berserk rage
 E - 3 potions of heal wounds {unknown}
 J - a potion of agility {unknown}
 Q - a potion of mutation {unknown}
Books
 d - a book of Enchantments

   Spells                             Type                      Level
   a - Cause Fear                     Hexes                        4
   b - Silence                        Hexes/Air                    5
   c - Deflect Missiles               Charms/Air                   6
   d - Haste                          Charms                       6
   e - Discord                        Hexes                        8
 M - an Akashic Record

   Spells                             Type                      Level
   a - Dispersal                      Translocation                6
   b - Controlled Blink               Translocation                7
   c - Malign Gateway                 Summoning/Translocation      7
   d - Disjunction                    Translocation                8
Comestibles
 j - 6 meat rations
 n - 6 fruits
 r - 4 beef jerkies
 w - 2 bread rations
 C - 3 slices of pizza
 G - a royal jelly
 S - a chunk of flesh


   Skills:
 + Level 6.2(11.2) Fighting
 * Level 8.9(13.9) Axes
 + Level 5.6(10.6) Armour
 * Level 5.8(10.8) Dodging
 + Level 4.9(9.9) Shields
 * Level 4.9 Invocations


You had 9 spell levels left.
You didn't know any spells.

Dungeon Overview and Level Annotations

Branches:
Dungeon (10/15)            Temple (1/1) D:7            Lair (0/8) D:8
    Orc: D:9-12

Altars:
Ashenzari
Cheibriados
Dithmenos
Elyvilon
Fedhas
Gozag
Kikubaaqudgha
Makhleb
Nemelex Xobeh
Okawaru
Qazlal
Ru
Sif Muna
Trog
Vehumet
Xom
Yredelemnul
Zin
The Shining One

Shops:
D:4 *   D:6 =

Annotations:
D:10 Sonja


Innate Abilities, Weirdness & Mutations

You cannot wear boots.
((Your serpentine skin is tough (AC +3).))
You have supernaturally acute eyesight.
((Armour fits poorly on your strangely shaped body.))
((Your system is resistant to poisons.))
((You cover ground very slowly.))
You have a slow metabolism.
You can spit poison.


Message History

Sonja shoots a curare-tipped needle.
The curare-tipped needle hits you.
Drink which item? (? for menu, Esc to quit)
It was a potion of berserk rage.
A red film seems to cover your vision as you go berserk!
You feel yourself moving faster!
You feel mighty!
Sonja gestures wildly while chanting.
Sonja blinks!
Sonja unwields an uncursed blowgun.
Sonja wields an uncursed dagger of distortion.
Its appearance distorts for a moment.
Sonja hits you but does no damage.
You feel a strange sense of stasis. Sonja hits you but does no damage.
Space bends around you. Sonja hits you but does no damage.
You are cast into the Abyss!
To return, you must find a gate leading back.
Welcome to the Abyss!
Found a scroll labeled ERISAEMMOCW and a murky brown potion.
Are you sure you want to abandon this character and quit the game? (Confirm with "yes".)
Okay, then.
Unknown command.
Unknown command.
Are you sure you want to abandon this character and quit the game? (Confirm with "yes".)

......
..... .
.... ?.
#...
...#...
##....##
##......+
....∩..♣#
.#......#
##....##
#.##' ..
.. .. ...
. ...
!.#.


There were no monsters in sight!

Vanquished Creatures
  Pikel (D:5)
  A troll (D:8)
  A deep elf mage (D:9)
  3 yaks (D:9)
  3 hippogriffs
  A wasp (D:8)
  2 ogres
  A slave (D:5)
  An eye of draining (D:8)
  A sky beast (D:7)
  4 centaurs
  An ice beast (D:9)
  14 big kobolds (D:8)
  7 giant frogs
  A scorpion (D:5)
  4 wights
  A crimson imp (D:5)
  A quasit (D:8)
  2 giant frog zombies
  3 orc priests
  A centaur skeleton (D:8)
  3 giant frog skeletons
  3 hounds
  4 worker ants
  8 orc wizards
  A hound zombie (D:7)
  A worker ant zombie (D:8)
  10 adders
  7 gnolls
  An ooze (D:2)
  5 worms
  6 giant geckos
  27 orcs
  2 ball pythons
  4 giant cockroaches
  7 goblins
  12 hobgoblins
  10 jackals
  22 kobolds
  7 quokkas
  11 bats
  2 giant gecko zombies
  4 giant newts
  8 rats
219 creatures vanquished.

Vanquished Creatures (others)
  A human (D:5)
  A jackal (D:5)
2 creatures vanquished.

Grand Total: 221 creatures vanquished

Notes
Turn   | Place    | Note
--------------------------------------------------------------
     0 | D:1      | Herrn the Naga Fighter began the quest for the Orb.
     0 | D:1      | Reached XP level 1. HP: 21/21 MP: 1/1
   101 | D:1      | Reached XP level 2. HP: 17/28 MP: 2/2
   385 | D:1      | Reached XP level 3. HP: 31/34 MP: 3/3
   950 | D:2      | Reached skill level 1 in Dodging
  1080 | D:2      | Reached XP level 4. HP: 39/42 MP: 4/4
  1813 | D:2      | Found an ancient bone altar of Kikubaaqudgha.
  1813 | D:2      | Found a burning altar of Makhleb.
  1917 | D:2      | Reached XP level 5. HP: 39/49 MP: 5/5
  2864 | D:3      | Reached XP level 6. HP: 54/56 MP: 6/6
  2875 | D:3      | Reached skill level 4 in Axes
  3528 | D:4      | Found a sparkling altar of Nemelex Xobeh.
  3571 | D:4      | Noticed a fire elemental
  3577 | D:4      | Found a stormy altar of Qazlal.
  3578 | D:4      | Noticed a water elemental
  3578 | D:4      | Noticed an air elemental
  3638 | D:4      | Found a white marble altar of Elyvilon.
  3866 | D:4      | Found Yptiumud's General Store.
  3877 | D:4      | Bought a scroll of identify for 28 gold pieces
  4171 | D:4      | Found a deep blue altar of Sif Muna.
  4372 | D:5      | Entered Level 5 of the Dungeon
  4414 | D:5      | Found an ancient bone altar of Kikubaaqudgha.
  4415 | D:5      | Noticed a human
  4416 | D:5      | Killed a human
  4425 | D:5      | Found a bloodstained altar of Trog.
  4515 | D:5      | Reached XP level 7. HP: 61/63 MP: 7/7
  4606 | D:5      | Noticed Pikel
  4614 | D:5      | Killed Pikel
  4614 | D:5      | Reached skill level 5 in Axes
  4614 | D:5      | Reached XP level 8. HP: 33/73 MP: 8/8
  5218 | D:6      | Reached skill level 6 in Axes
  5409 | D:6      | Found Atzol's Jewellery Emporium.
  6061 | D:7      | Found an iron altar of Okawaru.
  6069 | D:7      | Became a worshipper of Warmaster Okawaru
  6195 | D:7      | Found a sacrificial altar of Ru.
  6200 | D:7      | Found a shattered altar of Ashenzari.
  6262 | D:7      | HP: 3/73 [ogre/giant club (20)]
  6268 | D:7      | Reached skill level 5 in Fighting
  6565 | D:7      | Reached skill level 5 in Armour
  6565 | D:7      | Reached skill level 1 in Invocations
  6687 | D:7      | Reached XP level 9. HP: 59/81 MP: 9/9
  7274 | D:7      | Found a staircase to the Ecumenical Temple.
  7303 | Temple   | Entered the Ecumenical Temple
  7550 | D:7      | Reached skill level 7 in Axes
  7772 | D:8      | Found a basalt altar of Yredelemnul.
  7805 | D:8      | Acquired Okawaru's first power
  7853 | D:8      | Got a fine ring mail
  7864 | D:8      | Identified the cursed +0 ring mail of Disaster {Regen+ Dex+6} (You found it on level 8 of the Dungeon)
  7898 | D:8      | Found a staircase to the Lair.
  8228 | D:8      | Reached XP level 10. HP: 28/91 MP: 12/12
  8235 | D:8      | Reached skill level 8 in Axes
  8455 | D:8      | Reached skill level 5 in Dodging
  9890 | D:10     | Entered Level 10 of the Dungeon
  9921 | D:10     | Noticed Sonja
  9927 | D:10     | Noticed a hill giant
  9932 | D:10     | Cast into the Abyss (Sonja)
  9933 | Abyss:1  | Quit the game

Vault maps used:
D:1:      eino_arrival_water_cross
D:2:      gammafunk_temple_overflow_elements
D:3:      serial_bayou, serial_bayou_pond_a, serial_bayou_lake_a,
          serial_bayou_pond_a, serial_bayou_pond_d
D:4:      nemelex_deck, led_sif_pool, nicolae_qazlal_style_of_elements,
          lemuel_doored_altar, serial_shops, nicolae_shop_stone
D:5:      bloody_trog, first_bread, minmay_holes, tgw_kikubaaqudgha, uniq_pikel
D:6:      serial_shops, shop_coins
D:7:      minitemple, minmay_temple_entry_statues_pillars
D:8:      kennysheep_mini, lair_0_dummy, special_room
D:10:     zombieorc2_lemuel, uniq_sonja
Temple:   jpeg_temple_alley_garden_8
Abyss:1:  abyss_greek_temple

Action                   |  1- 3 |  4- 6 |  7- 9 | 10-12 || total
-------------------------+-------+-------+-------+-------++-------
Melee: War axe           |   110 |   297 |   324 |   191 ||   922
Invok: Heroism           |       |       |       |     3 ||     3
 Abil: Spit Poison       |    12 |    18 |     6 |     4 ||    40
  Use: Scroll            |       |     7 |     1 |     5 ||    13
       Potion            |       |       |     4 |     4 ||     8
  Eat: Chunk             |     1 |     5 |    11 |     6 ||    23
       Bread ration      |     1 |       |       |       ||     1
